 Dungeon Crawl Stone Soup version 0.22-a0-815-gb582571 (webtiles) character file.

112422 Amnesiac the Earth Mage (level 16, -51/106 HPs)
             Began as a Mummy Earth Elementalist on July 23, 2018.
             Was the Champion of Vehumet.
             Killed from afar by a fire dragon (53 damage)
             ... with a blast of flame
             ... on level 15 of the Dungeon.
             The game lasted 00:58:54 (27905 turns).

Amnesiac the Earth Mage (Mummy Earth Elementalist) Turns: 27905, Time: 00:58:55

Health: -51/106    AC:  7    Str: 12    XL:     16   Next: 11%
Magic:  16/41      EV: 17    Int: 29    God:    Vehumet [******]
Gold:   734        SH:  5    Dex: 13    Spells: 2/49 levels left

rFire    . . .     SeeInvis +   a - +9 hunting sling
rCold    + . .     Gourm    .   t - +0 buckler
rNeg     + + +     Faith    .   m - +2 robe "Woih" {rC+ Slay+6}
rPois    ∞         Spirit   .   I - +0 Maxwell's etheric cage {RegenMP+ *Contam rElec MP+4}
rElec    +         Reflect  .   O - -1 cloak of Joy {Int+9 SInv}
rCorr    .         Harm     .   B - +0 pair of gloves
MR       ++...                  l - +0 pair of boots
Stlth    ++........             z - amulet of magic regeneration
HPRegen  0.27/turn              h - +3 ring of evasion MPRegen 1.02/turn*
                                L - ring of fire

@: very slightly contaminated
A: no food or potions, fire vulnerability, cold resistance 1, negative energy
resistance 3, torment resistance, unbreathing, in touch with death 1
a: Renounce Religion


You were on level 15 of the Dungeon.
You worshipped Vehumet.
Vehumet was exalted by your worship.
You were not hungry.

You visited 4 branches of the dungeon, and saw 24 of its levels.
You visited 1 bazaar.
You also visited: Ice Cave.

You collected 2341 gold pieces.
You spent 1607 gold pieces at shops.

Inventory:

Hand Weapons
 a - a +9 hunting sling (weapon)
 b - the +9 rapier of Optimality {venom, rC+ Dex+7}
   (You found it on level 5 of the Dungeon)

   It poisons the flesh of those it strikes.
   It affects your dexterity (+7).
   It protects you from cold.
 S - the +4 war axe of Assay {flame, rF+, unknown}
   (You took it off a centaur warrior on level 14 of the Dungeon)

   It has been specially enchanted to burn those struck by it, causing extra
   injury to most foes and up to half again as much damage against particularly
   susceptible opponents.
   Big, fiery blades are also staple armaments of hydra-hunters.
   It protects you from fire.
Missiles
 k - 364 stones
 o - 798 arrows
 p - 40 sling bullets (quivered)
Armour
 l - a +0 pair of boots (worn)
 m - the +2 robe "Woih" (worn) {rC+ Slay+6}
   (You found it on level 4 of the Dungeon)

   It affects your accuracy and damage with ranged weapons and melee attacks
   (+6).
   It protects you from cold.
 n - a scarf of resistance
 t - a +0 buckler (worn)
 B - a +0 pair of gloves (worn)
 I - the +0 Maxwell's etheric cage (worn) {RegenMP+ *Contam rElec MP+4}
   (You bought it in a shop on level 2 of the Orcish Mines)

   It insulates you from electricity.
   It affects your magic capacity (+4).
   It causes magical contamination when unequipped.
 O - the -1 cloak of Joy (worn) {Int+9 SInv}
   (You bought it in a shop in a bazaar)

   It affects your intelligence (+9).
   It lets you see invisible.
Jewellery
 h - a +3 ring of evasion (left hand)
 z - an amulet of magic regeneration (around neck)
 K - a +4 ring of strength {unknown}
 L - a ring of fire (right hand)
 N - the ring "Jusir" {rF- AC+5 Dex+6}
   (You found it in an ice cave)

   [ring of protection]

   It affects your AC (+5).
   It affects your dexterity (+6).
   It makes you vulnerable to fire.
 P - an uncursed ring of protection from magic
 Q - an uncursed ring of resist corrosion
 T - an uncursed amulet of harm {unknown}
Wands
 g - a wand of scattershot (15)
 j - a wand of random effects (31)
 s - a wand of flame (26)
 v - a wand of iceblast (25)
 w - a wand of paralysis (38)
 x - a wand of digging (29)
 D - a wand of clouds (4)
 E - a wand of enslavement (22)
 R - a wand of polymorph (9)
 V - a wand of disintegration (10)
Scrolls
 c - 2 scrolls of torment {!r}
 d - a scroll of magic mapping {!r}
 e - 8 scrolls of teleportation {!r}
 f - 4 scrolls of enchant armour {!r}
 i - 5 scrolls of fog {!r}
 q - a scroll of brand weapon {!r, unknown}
 r - 7 scrolls of remove curse {!r}
 u - 4 scrolls of amnesia {!r}
 y - a scroll of noise {!r}
 A - a scroll of acquirement {!r}
 F - 5 scrolls of identify {!r}
 G - a scroll of fear {!r}
 J - a scroll of summoning {!r, unknown}
 M - 3 scrolls of enchant weapon {!r}
Miscellaneous
 C - a lamp of fire
 H - a phial of floods
 U - a crystal ball of energy
 W - a fan of gales


   Skills:
 - Level 4.0 Fighting
   Level 4.0 Staves
 + Level 4.5 Dodging
 - Level 4.0 Stealth
 - Level 4.0 Shields
 + Level 17.0 Spellcasting
 - Level 4.0 Conjurations
 - Level 4.0 Necromancy
 - Level 4.0 Transmutations
 + Level 1.4 Air Magic
 * Level 17.0 Earth Magic
 - Level 4.0 Evocations


You had 2 spell levels left.
You knew the following spells:

 Your Spells              Type           Power        Failure   Level  Hunger
a - Iron Shot             Conj/Erth      ######....   1%          6    N/A
b - Passwall              Tmut/Erth      ######..     1%          2    N/A
c - Sandblast             Erth           ######       0%          1    N/A
d - Lee's Rapid Deconstr  Erth           #######...   1%          5    N/A
e - Bolt of Draining      Conj/Necr      ######....   2%          5    N/A
f - Sticks to Snakes      Tmut           #####...     1%          2    N/A
g - Mephitic Cloud        Conj/Pois/Air  #####...     1%          3    N/A
h - Stone Arrow           Conj/Erth      ######       1%          3    N/A
i - Yara's Violent Unrav  Hex/Tmut       #####.....   6%          5    N/A
j - Petrify               Tmut/Erth      ######..     1%          4    N/A
k - Deflect Missiles      Chrm/Air       ####......   91%         6    N/A
l - Irradiate             Conj/Tmut      #####.....   2%          5    N/A

Your spell library contained the following spells:

 Spells                   Type           Power        Failure   Level  Hunger
 Bolt of Cold             Conj/Ice       #####.....   30%         6    N/A
 Confuse                  Hex            ###.....     5%          3    N/A
 Freezing Cloud           Conj/Ice/Air   #####.....   32%         6    N/A
 Venom Bolt               Conj/Pois      #####.....   6%          5    N/A
 Olgreb's Toxic Radiance  Pois           ###.....     5%          4    N/A
 Ozocubu's Refrigeration  Ice            ###.......   54%         6    N/A
 Sting                    Conj/Pois      ####         1%          1    N/A
 Spider Form              Tmut/Pois      #####.....   2%          3    N/A
 Blade Hands              Tmut           #####.....   10%         5    N/A
 Statue Form              Tmut/Erth      ######...    3%          6    N/A
 Ice Form                 Ice/Tmut       #####...     8%          4    N/A
 Dragon Form              Tmut           #####.....   96%         7    N/A
 Confusing Touch          Hex            ###...       1%          1    N/A
 Metabolic Englaciation   Hex/Ice        ###.......   45%         5    N/A
 Silence                  Hex/Air        ####......   36%         5    N/A
 Simulacrum               Ice/Necr       ######....   77%         6    N/A
 Conjure Ball Lightning   Conj/Air       #####.....   22%         6    N/A
 Tornado                  Air            ####......   100%        9    N/A
 Beastly Appendage        Tmut           #####.       1%          1    N/A
 Summon Lightning Spire   Summ/Air       ####....     14%         4    N/A
 Hydra Form               Tmut           #####.....   47%         6    N/A
 Gell's Gravitas          Tloc           ###.......   5%          3    N/A
 Poisonous Vapours        Pois/Air       ####..       1%          2    N/A

Dungeon Overview and Level Annotations

Branches:
Dungeon (15/15)            Temple (1/1) D:5            Lair (6/6) D:10
 Shoals (0/4) Lair:4       Spider (0/4) Lair:2        Slime (0/5) Lair:5
    Orc (2/2) D:11            Elf (0/3) Orc:2        Vaults (0/5) D:13
 Depths: D:15

Altars:
Ashenzari
Cheibriados
Dithmenos
Elyvilon
Fedhas
Gozag
Hepliaklqana
Kikubaaqudgha
Makhleb
Nemelex Xobeh
Okawaru
Qazlal
Ru
Sif Muna
Trog
Uskayaw
Vehumet
Wu Jian
Xom
Yredelemnul
Zin
The Shining One
Jiyva

Shops:
D:13 [   D:14 *   Orc:1 (   Orc:2 [!}*

Portals:
Trove: D:11 (give 2 scrolls of acquirement)

Annotations:
D:7 dig for 1k exp
Lair:5 exclusion: oklob plant
Lair:6 exclusion: 4 oklob plants


Innate Abilities, Weirdness & Mutations

You do not eat or drink.
Your flesh is vulnerable to fire.
You are immune to poison.
Your flesh is cold resistant. (rC+)
You are immune to negative energy. (rN+++)
You are immune to unholy pain and torment.
You can survive without breathing.
You are in touch with the powers of death.


Message History

The efreet closely misses you.
Casting: Iron Shot (safe; 1% risk of failure)
Confirm with . or Enter, or press ? or * to list all spells.
Aiming: Lee's Rapid Deconstruction (safe; 1% risk of failure)
Press: ? - help, Dir - move target cursor, p - ice dragon A rock wall.
Okay, then.
Casting: Lee's Rapid Deconstruction (safe; 1% risk of failure)
Confirm with . or Enter, or press ? or * to list all spells.
Aiming: Lee's Rapid Deconstruction (safe; 1% risk of failure)
Press: ? - help, Dir - move target cursor, p - ice dragon A rock wall.
Okay, then.
Casting: Lee's Rapid Deconstruction (safe; 1% risk of failure)
Confirm with . or Enter, or press ? or * to list all spells.
Aiming: Iron Shot (safe; 1% risk of failure)
Press: ? - help, Shift-Dir - straight line, f/p - ice dragon
Aim: an ice dragon (severely wounded)
The iron shot hits the efreet.
The efreet is almost dead.
The efreet gestures at you. The bolt of fire hits you!
* * * LOW HITPOINT WARNING * * *
The fire dragon is engulfed in blazing flames.
Casting: Iron Shot (safe; 1% risk of failure)
Confirm with . or Enter, or press ? or * to list all spells.
Aiming: Lee's Rapid Deconstruction (safe; 1% risk of failure)
Press: ? - help, Dir - move target cursor, p - ice dragon A rock wall.
Okay, then.
Really attack while wielding your +9 hunting sling?
Okay, then.
The fire dragon is engulfed in blazing flames.
The efreet gestures at you.
The fireball explodes!
The fireball engulfs you!
* * * LOW HITPOINT WARNING * * *
Casting: Lee's Rapid Deconstruction (safe; 1% risk of failure)
Confirm with . or Enter, or press ? or * to list all spells.
Aiming: Lee's Rapid Deconstruction (safe; 1% risk of failure)
Press: ? - help, Dir - move target cursor, p - ice dragon A rock wall.
Okay, then.
Okay, then.
Casting: Lee's Rapid Deconstruction (safe; 1% risk of failure)
Confirm with . or Enter, or press ? or * to list all spells.
Aiming: Lee's Rapid Deconstruction (safe; 1% risk of failure)
Press: ? - help, Dir - move target cursor, p - ice dragon A rock wall.
The wall shatters!
The blast of rock fragments hits the fire dragon.
The fire dragon is moderately wounded.
The blast of rock fragments hits the efreet.
You kill the efreet!
Vehumet accepts your kill.
You feel your power returning.
Your Spellcasting skill increases to level 17!
The blast of rock fragments hits the ice dragon.
You kill the ice dragon!
Vehumet accepts your kill.
You feel your power returning. The fire dragon breathes flames at you.
The blast of flame hits you!
Ouch! That really hurt!
You die...

.# ####......#..# #..##..# .# $
##.8..##..# #..##..# .#
.D..##...##...# #..##..# .#
#D.D..###...# #..##..# .#
.?..##### #...# #......# .# ###
$$.##...# #D..# #......#
.###.#######....# #.§.####......#
................###D.............
..........).....@.)†...........##
###..###..#####..##............#
# #..# #..# #..##..####......# #
#..# #..# #..##..# #......# #
#..# #..# #..##..# #......# #
#..# #..# #..##..# #......# #
#..# #..# #..##..# #......# #
#(.# #..# #..##..# # #.!# #..#


You could see a fire dragon.

Vanquished Creatures
  Agnes (D:14)
  Roxanne (D:14)
  A frost giant (IceCv)
  Josephine (Orc:1)
  A fire dragon (Lair:6)
  8 vault guards (D:13)
  5 hydras
  3 centaur warriors
  An ice dragon (D:15)
  5 ogre magi
  The ghost of iamserjio the Frost Mage, a journeyman DEIE of Vehumet (Lair:2)
  2 dancing weapons (D:7)
  24 two-headed ogres
  12 death yaks
  A tengu warrior (D:13)
  A shadow wraith (D:14)
  8 unseen horrors
  A lindwurm (Lair:6)
  2 manticores
  2 ugly things
  A wolf spider (D:15)
  An orc knight (Orc:2)
  2 deep elf magi
  An oklob plant (Lair:1)
  5 cyclopes
  10 black mambas
  2 molten gargoyles (Lair:6)
  Maurice (Orc:1)
  10 spiny frogs
  Psyche (D:11)
  An efreet (D:15)
  5 rime drakes
  8 komodo dragons
  2 ice devils (D:13)
  A tengu conjurer (D:12)
  8 trolls
  Grinder (D:6)
  14 polar bears
  Prince Ribbit (D:7)
  A hornet (D:14)
  19 blink frogs
  6 hippogriffs
  4 dream sheep (Lair:5)
  10 slime creatures
  Sigmund (D:3)
  A shadow (D:12)
  A wraith (Orc:1)
  4 wyverns
  9 basilisks
  A basilisk (shapeshifter) (D:14)
  A human (shapeshifter) (D:14)
  4 hungry ghosts
  26 yaks
  A steam dragon (Lair:6)
  7 vampire mosquitoes (D:14)
  7 wargs
  Menkaure (D:7)
  Edmund (D:3)
  An acid dragon (D:13)
  4 soldier ants
  3 hell hounds (Lair:6)
  7 water moccasins
  21 orc warriors
  7 porcupines
  A hornet zombie (D:14)
  2 sky beasts
  An eye of draining (D:13)
  6 ice beasts
  19 wolves
  5 black bears
  24 centaurs
  4 phantoms
  33 ogres
  3 necrophages
  15 crocodiles
  An elf zombie (D:9)
  4 big kobolds
  18 bullfrogs
  2 wyvern zombies
  7 scorpions
  2 wyvern skeletons
  25 killer bees
  5 wights
  2 electric eels
  6 howler monkeys
  10 crimson imps
  2 bullfrog zombies
  5 lava snakes (Lair:6)
  7 hounds
  3 centaur zombies
  A human zombie (D:9)
  15 jellies
  17 orc priests
  7 centaur skeletons
  23 orc wizards
  4 bullfrog skeletons
  An iguana (D:10)
  Jessica (D:2)
  A human skeleton (D:9)
  13 worker ants
  A statue (D:5)
  2 mummies (D:9)
  2 ogre skeletons (D:9)
  2 hound skeletons
  A worker ant zombie (D:7)
  Robin (D:4)
  3 howler monkey skeletons
  7 gnolls
  14 adders
  7 shadow imps
  20 oozes
  An adder skeleton (D:4)
  2 adder zombies
  4 worms
  3 dart slugs
  5 leopard geckos
  82 orcs
  10 giant cockroaches
  17 goblins
  9 hobgoblins
  11 jackals
  26 kobolds
  5 quokkas
  A ball python (D:3)
  5 bats
  5 frilled lizards
  A jackal skeleton (D:4)
  A jackal zombie (D:6)
  An orc zombie (D:9)
  A quokka skeleton (D:6)
  6 rats
  6 fungi
  A plant (Lair:6)
862 creatures vanquished.

Vanquished Creatures (collateral kills)
  Fannar (Lair:2)
  A two-headed ogre (Orc:2)
2 creatures vanquished.

Vanquished Creatures (others)
  A rime drake (IceCv)
  2 polar bears (IceCv)
  A blink frog (Lair:6)
  A water moccasin (Lair:6)
  A wolf (IceCv)
  18 fungi
  12 plants
  7 toadstools (D:7)
43 creatures vanquished.

Grand Total: 907 creatures vanquished

Notes
Turn   | Place    | Note
-------+----------+-------------------------------------------
     0 | D:1      | Amnesiac the Mummy Earth Elementalist began the quest for the Orb.
     0 | D:1      | Reached XP level 1. HP: 13/13 MP: 4/4
   124 | D:2      | Noticed Jessica
   135 | D:2      | Killed Jessica
   135 | D:2      | Reached XP level 2. HP: 19/19 MP: 2/5
   188 | D:3      | Reached XP level 3. HP: 24/24 MP: 5/7
   192 | D:3      | Learned a level 2 spell: Passwall
   196 | D:3      | Learned a level 3 spell: Stone Arrow
   437 | D:4      | Reached XP level 4. HP: 30/30 MP: 9/9
   443 | D:4      | Learned a level 4 spell: Petrify
   508 | D:5      | Entered Level 5 of the Dungeon
   542 | D:5      | Noticed a centaur
   722 | D:3      | Noticed Sigmund
   728 | D:3      | Killed Sigmund
   728 | D:3      | Reached XP level 5. HP: 17/35 MP: 4/12
   728 | D:3      | Reached XP level 6. HP: 21/41 MP: 4/13
   924 | D:4      | Reached skill level 5 in Spellcasting
   924 | D:4      | Reached skill level 5 in Earth Magic
  1011 | D:4      | Learned a level 5 spell: Lee's Rapid Deconstruction
  1264 | D:4      | Noticed Robin
  1302 | D:4      | Killed Robin
  1306 | D:4      | Noticed Edmund
  1577 | D:4      | Got an ichor-stained robe
  1640 | D:4      | Reached XP level 7. HP: 45/46 MP: 7/15
  1699 | D:4      | Found a glowing silver altar of Zin.
  1789 | D:4      | Identified the +2 robe "Woih" {rC+ Slay+6} (You found it on level 4 of the Dungeon)
  2221 | D:5      | Got a transparent rapier
  2286 | D:5      | Found a faded altar of an unknown god.
  2288 | D:5      | Found a staircase to the Ecumenical Temple.
  2337 | Temple   | Entered the Ecumenical Temple
  2494 | D:5      | Found a radiant altar of Vehumet.
  2528 | D:5      | Became a worshipper of Vehumet
  2563 | D:5      | Found a burning altar of Makhleb.
  2564 | D:5      | Found a shimmering altar of Xom.
  2659 | D:5      | Reached XP level 8. HP: 52/52 MP: 15/18
  2992 | D:1      | Reached * piety under Vehumet
  2992 | D:1      | Offered knowledge of Sting by Vehumet.
  3142 | D:2      | Identified the +9 rapier of Optimality {venom, rC+ Dex+7} (You found it on level 5 of the Dungeon)
  3767 | D:3      | Reached ** piety under Vehumet
  3774 | D:3      | Offered knowledge of Magic Dart by Vehumet.
  3818 | D:3      | Killed Edmund
  3818 | D:3      | Reached skill level 1 in Shields
  4642 | D:6      | Noticed Grinder
  4667 | D:6      | Paralysed by Grinder for 4 turns
  4674 | D:6      | Killed Grinder
  5263 | D:6      | Reached XP level 9. HP: 57/57 MP: 21/21
  5293 | D:6      | Offered knowledge of Inner Flame by Vehumet.
  5694 | D:7      | Reached *** piety under Vehumet
  5795 | D:7      | Offered knowledge of Ignite Poison by Vehumet.
  5897 | D:7      | Found an opulent altar of Gozag.
  5912 | D:7      | Found a hide-covered altar of Uskayaw.
  5914 | D:7      | Noticed a hand axe
  5914 | D:7      | Noticed a hand axe
  5937 | D:7      | Noticed Menkaure
  5937 | D:7      | Noticed Prince Ribbit
  5938 | D:7      | Killed Menkaure
  5947 | D:7      | Killed Prince Ribbit
  6438 | D:7      | Reached XP level 10. HP: 52/63 MP: 13/23
  6774 | D:8      | Reached **** piety under Vehumet
  6819 | D:8      | Reached skill level 10 in Earth Magic
  6845 | D:8      | Reached skill level 10 in Spellcasting
  6914 | D:8      | Found an iron altar of Okawaru.
  6923 | D:8      | Offered knowledge of Airstrike by Vehumet.
  6989 | D:8      | Reached skill level 1 in Fighting
  7025 | D:8      | Reached skill level 1 in Evocations
  7048 | D:8      | Noticed a two-headed ogre
  7059 | D:8      | Killed a two-headed ogre
  7178 | D:8      | Found a white marble altar of Elyvilon.
  7204 | D:8      | Found a blossoming altar of Fedhas.
  7231 | D:8      | Found a basalt altar of Yredelemnul.
  7282 | D:8      | Found a shadowy altar of Dithmenos.
  7696 | D:9      | Found a sacrificial altar of Ru.
  7829 | D:9      | Found an ancient bone altar of Kikubaaqudgha.
  8019 | D:9      | Reached ***** piety under Vehumet
  8021 | D:9      | Noticed a two-headed ogre
  8025 | D:9      | Killed a two-headed ogre
  8025 | D:9      | Offered knowledge of Freezing Cloud by Vehumet.
  8032 | D:9      | Reached XP level 11. HP: 61/75 MP: 8/25
  8133 | D:9      | Killed an unseen horror
  8307 | D:9      | Noticed a brown ugly thing
  8336 | D:9      | Killed a brown ugly thing
  8673 | D:9      | Got a faintly glowing war axe
  8895 | D:9      | Identified the +3 war axe "Haireg" {vamp, *Rage Int+7 Dex-3} (You found it on level 9 of the Dungeon)
  8905 | D:10     | Entered Level 10 of the Dungeon
  9023 | D:10     | Reached skill level 1 in Staves
  9378 | D:10     | Found a staircase to the Lair.
  9555 | D:10     | Killed an unseen horror
  9877 | D:10     | Noticed a two-headed ogre
  9887 | D:10     | Killed a two-headed ogre
 10029 | Lair:1   | Entered Level 1 of the Lair of Beasts
 10495 | Lair:1   | Noticed an oklob plant
 10515 | Lair:1   | Offered knowledge of Sticky Flame by Vehumet.
 10547 | Lair:1   | Killed an oklob plant
 11039 | Lair:2   | Reached XP level 12. HP: 66/83 MP: 8/27
 11483 | Lair:2   | Found a runed door.
 11483 | Lair:2   | Noticed iamserjio's ghost (journeyman DEIE)
 11485 | Lair:2   | Found a hole to the Spider Nest.
 11839 | Lair:2   | Killed iamserjio's ghost
 11890 | Lair:3   | Noticed a death yak
 12151 | Lair:3   | Noticed a death yak
 12156 | Lair:3   | Noticed a death yak
 12161 | Lair:3   | Noticed a death yak
 12162 | Lair:3   | Noticed a death yak
 12167 | Lair:3   | Killed a death yak
 12195 | Lair:3   | Killed a death yak
 12200 | Lair:3   | HP: 4/83 [rime drake/flash freeze (18)]
 12485 | Lair:3   | Noticed Fannar
 12485 | Lair:3   | Noticed a four-headed hydra
 12488 | Lair:3   | Killed a four-headed hydra
 12508 | Lair:2   | Killed Fannar
 12743 | Lair:2   | Killed a death yak
 13117 | Lair:2   | Killed a death yak
 13231 | Lair:3   | Killed a death yak
 13449 | Lair:3   | Gained mutation: You are in touch with the powers of death. [Mummy growth]
 13449 | Lair:3   | Reached XP level 13. HP: 76/88 MP: 30/30
 13450 | Lair:3   | Identified a scroll of acquirement {!r}
 14039 | Lair:4   | Found a staircase to the Shoals.
 14069 | Lair:4   | Learned a level 2 spell: Sticks to Snakes
 14555 | Lair:5   | Reached skill level 1 in Transmutations
 14689 | Lair:5   | Reached skill level 1 in Conjurations
 15305 | Lair:5   | Found a viscous altar of Jiyva.
 15306 | Lair:5   | Found a staircase to the Slime Pits.
 15337 | Lair:6   | Identified a paperback manual
 15337 | Lair:6   | Entered Level 6 of the Lair of Beasts
 15361 | Lair:6   | Found a shattered altar of Ashenzari.
 15386 | Lair:6   | Offered knowledge of Bolt of Cold by Vehumet.
 18002 | Lair:6   | Noticed a fire dragon
 18007 | Lair:6   | Reached XP level 14. HP: 73/95 MP: 12/32
 18040 | Lair:6   | Found a large runed door.
 18044 | Lair:6   | Found a large runed door.
 18445 | Lair:5   | Learned a level 3 spell: Mephitic Cloud
 18834 | D:11     | Offered knowledge of Bolt of Draining by Vehumet.
 18875 | D:11     | Learned a level 5 spell: Bolt of Draining
 19210 | D:11     | Reached skill level 1 in Necromancy
 19264 | D:11     | Found a portal to a secret trove of treasure.
 19267 | D:11     | Noticed Psyche
 19271 | D:11     | Killed Psyche
 19504 | D:11     | Found a staircase to the Orcish Mines.
 19726 | D:11     | Found a shattered altar of Ashenzari.
 20070 | Orc:1    | Entered Level 1 of the Orcish Mines
 20097 | Orc:1    | Noticed Maurice
 20101 | Orc:1    | Killed Maurice
 20285 | Orc:1    | Found Iwyug's Antique Weapon Shop.
 20455 | Orc:2    | Entered Level 2 of the Orcish Mines
 21075 | Orc:2    | Offered knowledge of Bolt of Fire by Vehumet.
 21545 | Orc:1    | Noticed Josephine
 21548 | Orc:1    | Killed Josephine
 21750 | Orc:2    | Reached skill level 15 in Earth Magic
 21897 | Orc:2    | Reached skill level 15 in Spellcasting
 21953 | Orc:2    | Found Daiv's Gadget Shoppe.
 21953 | Orc:2    | Found Worikhai's General Store.
 21954 | Orc:2    | Found Xacloow's Antique Armour Shop.
 21954 | Orc:2    | Found Douroeth's Distillery.
 22162 | Orc:2    | Found a staircase to the Elven Halls.
 22263 | Orc:2    | Reached XP level 15. HP: 98/100 MP: 32/34
 22630 | Orc:2    | Bought a scroll of fear for 45 gold pieces
 22828 | Orc:2    | Bought the +0 Maxwell's etheric cage {RegenMP+ *Contam rElec MP+4} for 1160 gold pieces
 22828 | Orc:2    | Found the +0 Maxwell's etheric cage {RegenMP+ *Contam rElec MP+4}
 22839 | Orc:2    | Bought a shimmering leather armour for 203 gold pieces
 22849 | Orc:2    | Identified the cursed +0 leather armour "Zoecar" {MR+ Dex+4} (You bought it in a shop on level 2 of the Orcish Mines)
 22963 | D:11     | Learned a level 5 spell: Yara's Violent Unravelling
 23060 | D:12     | HP: 4/100 [something (26)]
 23064 | D:12     | Offered knowledge of Iron Shot by Vehumet.
 24237 | D:13     | Found Roywex's Armour Shoppe.
 24311 | D:13     | Learned a level 6 spell: Iron Shot
 24312 | D:13     | Found a frozen archway.
 24353 | IceCv    | Entered an ice cave
 25040 | IceCv    | Noticed a frost giant
 25054 | IceCv    | Killed a frost giant
 25114 | IceCv    | Got a smoking glass ring
 25116 | IceCv    | Got a wavering wooden ring
 25592 | D:13     | Identified the ring of Keebrar {rC+ Stlth+} (You found it in an ice cave)
 25595 | D:13     | Identified the ring "Jusir" {rF- AC+5 Dex+6} (You found it in an ice cave)
 25744 | D:13     | Found a gateway to a bazaar.
 25753 | Bazaar   | Entered a bazaar
 25756 | Bazaar   | Found Texzi's Food Shop.
 25769 | Bazaar   | Found Byoti's Distillery.
 25782 | Bazaar   | Found Jemiwuuh's Weapon Shop.
 25816 | Bazaar   | Found Ledd's Antique Armour Shop.
 25825 | Bazaar   | Bought a twisted cloak for 199 gold pieces
 25845 | Bazaar   | Identified the -1 cloak of Joy {Int+9 SInv} (You bought it in a shop in a bazaar)
 25882 | D:13     | Found a gate to the Vaults.
 25889 | D:13     | Offered knowledge of Poison Arrow by Vehumet.
 25894 | D:13     | Reached ****** piety under Vehumet
 25924 | D:13     | Learned a level 6 spell: Deflect Missiles
 26330 | D:14     | Noticed Roxanne
 26443 | D:14     | Noticed Agnes
 26450 | D:14     | Killed Agnes
 26750 | D:14     | Found Qatocrurr's General Store.
 26876 | D:14     | Got an uncursed polished war axe {flame}
 27070 | D:14     | Killed Roxanne
 27086 | D:14     | Learned a level 5 spell: Irradiate
 27221 | D:14     | Reached XP level 16. HP: 106/106 MP: 21/36
 27304 | D:14     | Identified the Incunabulum of Earth and Shape Shifting
 27446 | D:14     | Reached skill level 1 in Air Magic
 27549 | D:15     | Entered Level 15 of the Dungeon
 27904 | D:15     | HP: 2/106 [efreet/fireball (36)]
 27905 | D:15     | Killed from afar by a fire dragon

Vault maps used:
D:1:      minmay_arrival_widening_spiral_wide
D:2:      first_ration, kennysheep_boxes, uniq_jessica
D:3:      minmay_door_square, minmay_stone_trees_medium,
          small_statue_intersection, serial_bayou_pond_e, chequers_big_river,
          grunt_decor_mini_mirrors, uniq_sigmund
D:4:      zin_treasury, uniq_edmund, uniq_robin
D:5:      grunt_temple_overflow_champion_of_chaos, vehumet_statue,
          nicolae_temple_entry_ecumenical
D:6:      nicolae_whirlpool, uniq_grinder
D:7:      cheibrodos_fertilizer, lemuel_round_altar, dancing_weapons_uskayaw,
          uniq_menkaure, uniq_prince_ribbit1
D:8:      kennysheep_ying_yang, fedhas_altar_2, old_standard_altar,
          hangedman_pestilent_swarm, grunt_dithmenos_smoke_and_mirrors
D:9:      minmay_cut_squares, overflow_temple_1_default,
          lemuel_mausoleum_altar_kikubaaqudgha
D:10:     grunt_lair_entry_orc_guard_hut, dk_vineyard_2, solitary_fountain
D:11:     erik_orc_4, enter_trove_2, ashenzari_altar_1, uniq_psyche
D:12:     minmay_strange_pillars
D:13:     erik_vaults_2, portal_ice_cave_demonic_guard, serial_shops,
          bzr_firewalk, kennysheep_mini_moat
D:14:     minmay_tri_box, serial_shops, shop, minmay_misc_feat_room,
          uniq_roxanne, uniq_agnes
D:15:     grunt_enter_depths_hoard, grunt_decor_arrowhead
Temple:   jpeg_temple_alley_garden
Lair:1:   lemuel_slime, grunt_megastairs_5, serial_bayou_shore_a,
          lemuel_fruit_fields
Lair:2:   spider_nest_entry_web_field, hellmonk_ghost_happy_afterlife
Lair:3:   minivault_25, serial_bayou_pond_c, uniq_fannar
Lair:4:   minmay_shoals_entry_centaurs
Lair:5:   dpeg_slime_entry_enclosed_altar
Lair:6:   cheibrodos_lair_end_hotspot, basic_altar, lemuel_old_faithful,
          minmay_lair_oklob_chamber, lemuel_fruit_tree
Orc:1:    ebering_ghost_reflecting_pool, serial_shops,
          nicolae_shop_behind_doors, statue_in_the_mist_lemuel, uniq_maurice,
          uniq_josephine
Orc:2:    st_orc_ogre_mass, nicolae_orc_rockfall
Bazaar:   bazaar_jpeg_honeycomb
IceCv:    ice_cave_caverns_03

Skill      XL: |  1  2  3  4  5  6  7  8  9 10 11 12 13 14 15 16 |
---------------+-------------------------------------------------+-----
Earth Magic    | 3 4 5 6 8 9 10 11 13 14 15 16 17 | 17.0
Spellcasting   | 3 4 5 6 8 9 10 11 13 14 15 16 17 | 17.0
Shields        | 2 4 |  4.0
Fighting       | 3 4 |  4.0
Dodging        | 3 4 |  4.5
Stealth        | 3 4 |  4.0
Evocations     | 2 4 |  4.0
Staves         | 3 4 |  4.0
Transmutations | 3 4 |  4.0
Conjurations   | 3 4 |  4.0
Necromancy     | 4 |  4.0
Air Magic      | 1 |  1.4

Action                   |  1- 3 |  4- 6 |  7- 9 | 10-12 | 13-15 | 16-18 || total
-------------------------+-------+-------+-------+-------+-------+-------++-------
Melee: Flail             |       |    10 |       |       |       |       ||    10
       Rapier            |       |       |   192 |   174 |       |       ||   366
 Fire: Hunting sling     |    29 |    71 |   102 |   394 |   709 |       ||  1305
 Cast: Sandblast         |    13 |    52 |    38 |    22 |     2 |       ||   127
       Passwall          |       |     1 |       |     1 |     2 |       ||     4
       Lee's Rapid Decon |       |       |    11 |    82 |   152 |     4 ||   249
       Petrify           |       |       |     3 |     1 |     5 |       ||     9
       Stone Arrow       |       |       |       |     1 |    89 |       ||    90
       Sticks to Snakes  |       |       |       |       |     1 |       ||     1
       Bolt of Draining  |       |       |       |       |   227 |       ||   227
       Iron Shot         |       |       |       |       |    38 |    26 ||    64
Evoke: Lamp of fire      |       |       |       |     1 |       |       ||     1
       Box of beasts     |       |       |       |     1 |       |       ||     1
       Wand              |       |       |       |       |     3 |       ||     3
       Phial of floods   |       |       |       |       |     1 |       ||     1
  Use: Scroll            |       |       |     9 |    11 |    10 |       ||    30
 Stab: Sleeping          |       |       |    10 |    13 |       |       ||    23
Armor: Robe              |     3 |    10 |    38 |    86 |    68 |       ||   205
Dodge: Dodged            |    10 |    72 |   148 |   275 |   329 |     7 ||   841
Block: Buckler           |       |       |    42 |    96 |    85 |     4 ||   227

Table legend:
 A = Spawn XP
 B = Non-spawn XP
 C = Spawn XP percentage of total XP
 D = Spawn monster count
 E = Non-spawn monster count
 F = Spawn count percentage of total count
 G = Total turns spent on level
                    A         B        C        D         E        F      G
               +---------+---------+-------+---------+---------+-------+---------
         Total |       0 |  160604 |   0.0 |       0 |     857 |   0.0 | 27905
               +---------+---------+-------+---------+---------+-------+---------
           D:1 |       0 |      37 |   0.0 |       0 |      19 |   0.0 |   475
           D:2 |       0 |      97 |   0.0 |       0 |      18 |   0.0 |   570
           D:3 |       0 |     508 |   0.0 |       0 |      31 |   0.0 |  1089
           D:4 |       0 |     455 |   0.0 |       0 |      37 |   0.0 |  1350
           D:5 |       0 |     782 |   0.0 |       0 |      18 |   0.0 |   982
           D:6 |       0 |    1140 |   0.0 |       0 |      24 |   0.0 |   968
           D:7 |       0 |    4642 |   0.0 |       0 |      56 |   0.0 |  1127
           D:8 |       0 |    2800 |   0.0 |       0 |      25 |   0.0 |  1200
           D:9 |       0 |    5081 |   0.0 |       0 |      49 |   0.0 |  1498
          D:10 |       0 |    4617 |   0.0 |       0 |      52 |   0.0 |  1056
          D:11 |       0 |    6999 |   0.0 |       0 |      45 |   0.0 |  1206
          D:12 |       0 |    6399 |   0.0 |       0 |      45 |   0.0 |  1238
          D:13 |       0 |   16227 |   0.0 |       0 |      37 |   0.0 |   953
          D:14 |       0 |   19498 |   0.0 |       0 |      59 |   0.0 |  1214
          D:15 |       0 |    4322 |   0.0 |       0 |       9 |   0.0 |   356
        Lair:1 |       0 |    3379 |   0.0 |       0 |      35 |   0.0 |  1058
        Lair:2 |       0 |    9547 |   0.0 |       0 |      31 |   0.0 |  1582
        Lair:3 |       0 |    7677 |   0.0 |       0 |      22 |   0.0 |  1183
        Lair:4 |       0 |    1840 |   0.0 |       0 |      11 |   0.0 |   754
        Lair:5 |       0 |    6601 |   0.0 |       0 |      23 |   0.0 |   884
        Lair:6 |       0 |   19486 |   0.0 |       0 |      55 |   0.0 |  3062
         Orc:1 |       0 |    2937 |   0.0 |       0 |      20 |   0.0 |   416
         Orc:2 |       0 |   25516 |   0.0 |       0 |      98 |   0.0 |  2425
         IceCv |       0 |   10017 |   0.0 |       0 |      38 |   0.0 |  1085
               +---------+---------+-------+---------+---------+-------+---------
